[Event "Prague Festival Challengers 2024"]
[Site "Prague"]
[Date "2024.03.07"]
[Round "9.3"]
[White "Vaishali, Rameshbabu"]
[Black "Santos Latasa, Jaime"]
[Result "1/2-1/2"]
[ECO "B30"]
[WhiteElo "2481"]
[BlackElo "2615"]
[Annotator "TA"]
[PlyCount "95"]
[EventDate "2024.02.22"]
[EventType "tourn"]
[EventCountry "CZE"]
[SourceTitle "playchess.com"]
[Source "ChessBase"]
[SourceQuality "1"]
[TimeControl "40/5400+30:1800+30"]

1. e4 c5 2. Nc3 Nc6 3. Nf3 g6 4. Bb5 e5 5. d3 d6 6. O-O {[%emt 0:09:52] B30: Sizilianisch (Rossolimo-Variante).} Bg7 7. Nd5 a6 8. Bc4 h6 9. c3 b5 $146 ({Predecessor:} 9... Nge7 10. b4 cxb4 11. cxb4 O-O 12. Bd2 Kh7 13. Rc1 Be6 14. a4 Bxd5 15. exd5 Nb8 {1-0 Hracek,Z (2564)-Krzyzanowski,M (2535) Prague Challengers 4th 2022 (2)}) 10. Bb3 Nge7 11. Be3 O-O 12. a4 Rb8 13. axb5 axb5 14. Nxe7+ Nxe7 15. d4 exd4 16. cxd4 c4 17. Bc2 f5 18. d5 fxe4 (18... Bxb2 $5 19. Bxh6 fxe4 20. Bxe4 Nf5 21. Bxf8 Bxa1 22. Qxa1 Qxf8 $11) 19. Bxe4 Bf5 20. Qc2 Bxe4 21. Qxe4 Nf5 22. Nd4 $1 Bxd4 23. Bxd4 Re8 24. Qg4 Qg5 (24... Kf7 {ist vielschichtiger.} 25. Ra7+ Re7 26. Ra3 Re8) 25. Qxg5 hxg5 26. Ba7 (26. Bf6 $11) 26... Rb7 27. Ra6 Ra8 28. Rfa1 b4 29. g4 Ne7 (29... Nh4 30. Be3 Rxa6 31. Rxa6 $11) 30. Be3 ({Besser ist} 30. Bd4 $15 Rxa6 31. Rxa6) 30... Rxa6 $17 31. Rxa6 {[%emt 0:00:01] [#]} b3 (31... Nxd5 $6 32. Rxd6 Nxe3 33. fxe3 $11) (31... c3 $1 $17 32. bxc3 (32. Rxd6 $2 cxb2 33. Bxg5 b1=Q+ $19) 32... b3) 32. Bd4 $1 $11 ({Natürlich nicht} 32. Rxd6 c3 33. Bd4 (33. Bxg5 $2 cxb2 34. h3 b1=Q+ $19) (33. bxc3 $2 b2 $19) 33... c2 $15) 32... Nxd5 33. Rxd6 Nf4 34. Kf1 Kf7 35. Rc6 Rd7 ({Ein No Go ist} 35... Rb4 36. Ke1 $16 (36. Bc3 Ra4 $11)) (35... Re7 $1 $11) 36. Rxc4 $14 Ke6 37. Ke1 (37. Rb4 $14) 37... Kd5 $11 38. Ra4 Ke4 39. Be3+ Kf3 40. Bxf4 gxf4 41. Rb4 $1 g5 42. Rxb3+ Kg2 43. f3 Re7+ 44. Kd2 Rd7+ 45. Kc2 Rc7+ 46. Kd2 Rd7+ 47. Kc2 Rc7+ 48. Kd2 1/2-1/2

[Event "Prague Festival Challengers 2024"]
[Site "Prague"]
[Date "2024.03.07"]
[Round "9.4"]
[White "Stalmach, Richard"]
[Black "Rodshtein, Maxim"]
[Result "1/2-1/2"]
[ECO "E09"]
[WhiteElo "2433"]
[BlackElo "2580"]
[Annotator "TA"]
[PlyCount "185"]
[EventDate "2024.02.22"]
[EventType "tourn"]
[EventCountry "CZE"]
[SourceTitle "playchess.com"]
[Source "ChessBase"]
[SourceQuality "1"]
[TimeControl "40/5400+30:1800+30"]

1. d4 Nf6 2. c4 e6 3. g3 d5 4. Bg2 Be7 5. Nf3 O-O 6. O-O c6 7. b3 a5 8. Bb2 b6 9. Qc2 Nbd7 10. Nbd2 Bb7 11. e4 a4 12. e5 (12. bxa4 Nxe4 13. Nxe4 dxe4 14. Qxe4 Rxa4 $11) 12... Ne8 13. cxd5 {[%emt 0:04:39] White is slightly better.} cxd5 14. bxa4 Qc7 15. Qb3 Bc6 16. Rfc1 Qb7 $1 17. Ba3 Bxa4 18. Qb2 (18. Qd3 {is more complex.} Bxa3 19. Ng5 Bc2 20. Rxc2 g6 21. Nf1) 18... Bxa3 19. Qxa3 Nc7 20. Qd6 Rfc8 21. Bf1 Na6 22. Bd3 {[%emt 0:04:38] [#]} (22. Rxc8+ $14 Qxc8 23. Qa3) 22... Ndc5 $1 23. Bxa6 $11 (23. dxc5 Nxc5 24. Rab1 Nxd3 (24... Rc6 $2 25. Rxc5 Rxd6 26. exd6 $18) 25. Rxc8+ Qxc8 26. Rxb6 h6 $17) 23... Nxa6 24. Rab1 b5 25. Ne1 {[%emt 0:09:49] Inhibits Bc2.} b4 26. Rxc8+ Qxc8 27. Nd3 Qc2 28. Nxb4 Qxd2 29. Nxa6 {[%emt 0:00:08][%cal Od6b8] Hoping for Qb8+!} h6 30. Qb4 Qxa2 31. Nc5 Bc2 32. Rc1 (32. Rb2 {seems wilder.} Qa1+ 33. Kg2 Qd1 34. Qc3) 32... Bf5 33. h4 Kh7 34. Nd7 Be4 (34... Kg6 $17) 35. Qe7 $2 (35. Nf8+ $1 $15 Kg8 36. Nd7) 35... Kg8 (35... Qb2 $19 36. Rf1 Kg8 (36... Qxd4 37. Qxf7 Bf5 38. Nf8+ Rxf8 39. Qxf8 $11)) 36. h5 $2 ({White should play} 36. Qb4 $1 $15) 36... Qb2 37. Qc5 Kh7 38. Qc7 g5 $2 $40 {[%emt 0:00:44][%mdl 128] Black attacks.} (38... Qxd4 39. Nf6+ gxf6 40. Qxf7+ Kh8 41. Qxf6+ Kg8 42. Qxe6+ Kh8 43. Qxh6+ Kg8 44. Qe6+ Kf8 45. Qh6+ Kg8 46. Qg5+ Kf8 47. g4 $11) (38... Rg8 $1 $19 {[%cal Ob2d2] White must now prevent ...Qd2!} 39. Qc3 Qe2) 39. Nf6+ Kg7 {[%emt 0:00:02] ( -> ...Ra1)} 40. Nxe4 (40. Qc5 $1 $11) 40... dxe4 $17 41. Qc3 Qxc3 42. Rxc3 {[%emt 0:00:15][%mdl 4096] Endgame. KR-KR} Ra4 43. Re3 Rxd4 44. g4 $2 (44. Kf1 $17) 44... f5 $1 $19 45. Ra3 e3 ({And not} 45... fxg4 46. Ra7+ Kg8 47. Re7 $11) 46. Ra7+ $2 (46. fxe3 Rxg4+ 47. Kf1) 46... Kf8 47. fxe3 (47. Ra8+ $19 Ke7 48. fxe3 Rxg4+ 49. Kf2) 47... Rxg4+ $17 48. Kf2 Rh4 49. Ra6 $2 (49. Ra8+ $11 Ke7 50. Ra7+ Kd8 51. Ra6) 49... Ke7 $19 ({Less strong is} 49... Rxh5 50. Rxe6 g4 51. Rf6+ Ke7 52. Kf1 $11) 50. Ra7+ Kd8 51. e4 fxe4 (51... Rxe4 $2 52. Rh7 $17) 52. Ra8+ (52. Ke3 $142 Rxh5 53. Kxe4) 52... Kd7 53. Ra7+ Kc6 {[%emt 0:00:17][%cal Oc6d5] Strongly threatening ...Kd5!} 54. Ke3 Rxh5 {[%emt 0:00:54] And now ...g4 would win.} 55. Ra6+ Kd5 56. Ra5+ Kc4 {[%emt 0:00:56] ...Rh3+ is the strong threat.} 57. Ra6 Rh3+ 58. Kxe4 Rh4+ 59. Ke3 Kd5 60. Ra5+ {[%emt 0:00:04] [#]} Kc6 $1 61. Ra6+ Kd7 $2 (61... Kc5 62. Rd6 h5 63. Rxe6 Kd5) 62. Ra7+ Ke8 63. Rh7 Kf8 64. Kf3 h5 65. Kg2 Kg8 66. Re7 Rg4+ 67. Kh3 Re4 68. Rxe6 Kg7 {[%emt 0:01:25] Wards off Rg6+} 69. Kg3 Rg4+ 70. Kh3 Rf4 71. Ra6 Re4 72. Re6 Re3+ 73. Kg2 h4 74. Kf2 Re4 75. Kf3 Rf4+ 76. Kg2 Kf7 (76... Rg4+ $142 77. Kf2 Rf4+ 78. Kg2 g4) 77. Ra6 {[%emt 0:00:29] [#]} Re4 $2 (77... Rg4+ $1 $19 {is more deadly.} 78. Kf3 Rc4) 78. Kh3 $17 Kg7 79. Rb6 Rf4 80. Ra6 Rf3+ ({Better is} 80... Rc4 $17) 81. Kg4 $11 {[%emt 0:00:40] The position is equal.} Rg3+ 82. Kf5 h3 (82... Rg1 $5) 83. Ra7+ (83. Rg6+ Kh7 84. Ra6 g4 (84... h2 85. Ra7+ Kh6 86. Ra8 $17) 85. Ra7+ Kg8 86. Ra8+ Kg7 87. Ra7+ Kf8 88. Ra8+ Ke7 89. Ra7+ Kd8 90. Ra8+ Kc7 $19) 83... Kg8 {[%emt 0:01:00] ...g4 would now be deadly.} 84. Ra8+ Kf7 (84... Kh7 $5) 85. e6+ Ke7 86. Ra7+ Kd6 87. Rd7+ Kc6 88. Rd2 Re3 89. Kxg5 Rxe6 90. Rh2 Re3 91. Kg4 Kd5 92. Rxh3 Rxh3 93. Kxh3 {[%emt 0:00:06] And White is the lucky defender.   Weighted Error Value: White=0.53/Black=0.22 (precise) .  Loses game:     	White=2     	---        Missed win:     	---       	Black=1      Mistake:       	White=7     	Black=7      Inaccurate:     	White=1     	Black=1      OK:         	White=27    	Black=30     Best:        	White=13    	Black=3      Strong:       	---       	Black=3} 1/2-1/2

[Event "Prague Festival Challengers 2024"]
[Site "Prague"]
[Date "2024.03.07"]
[Round "9.5"]
[White "Hrbek, Stepan"]
[Black "Finek, Vaclav"]
[Result "1/2-1/2"]
[ECO "C43"]
[WhiteElo "2426"]
[BlackElo "2416"]
[Annotator "TA"]
[PlyCount "188"]
[EventDate "2024.02.22"]
[EventType "tourn"]
[EventCountry "CZE"]
[SourceTitle "playchess.com"]
[Source "ChessBase"]
[SourceQuality "1"]
[TimeControl "40/5400+30:1800+30"]

1. e4 e5 2. Nf3 Nf6 3. d4 Nxe4 4. Bd3 d5 5. Nxe5 Nd7 6. Nc3 Nxc3 7. bxc3 Nxe5 8. dxe5 Bc5 9. O-O O-O 10. Qh5 g6 11. Qh6 Re8 12. Bg5 Bf8 13. Bxd8 Bxh6 14. Bxc7 Bf5 15. Rad1 $36 {[%emt 0:00:06][%cal Ba1d1,Bd1d5,Bd5c5,Bc5c2][%mdl 2080] Droht Bxf5 und aus. Weiss hat Initiative.} Rac8 16. Bb5 Re6 17. Bd6 Rxc3 18. Rxd5 Rxc2 19. Bd7 Rxa2 20. Bxe6 Bxe6 21. Rc5 Bd2 22. h4 Kg7 23. Be7 Ba5 24. Rfc1 a6 25. R5c2 $1 Ra4 ({Günstiger ist} 25... Rxc2 26. Rxc2 Bd7) 26. f3 Rd4 (26... h5 $16) 27. g4 Bd8 28. Bxd8 Rxd8 $16 {[%emt 0:00:05][%mdl 4096] Endspiel. KRR-KRB} 29. Rc7 Rd5 30. R1c5 Rd3 {[%emt 0:01:53] [#]} 31. Rc3 $1 ({Schwächer ist} 31. Rxb7 Rxf3 32. g5 Rf4 $14) 31... Rd1+ 32. Kf2 Rb1 33. Re7 Kf8 34. Rcc7 Rb5 35. Rxb7 Rxe5 36. Rec7 a5 $2 (36... Rb5 $16 37. Rxb5 axb5) 37. Rb8+ $18 Kg7 38. Ra7 Rc5 39. Ke3 h6 40. Rba8 (40. Rb6 $16 Ba2 41. Kf2) 40... Rc3+ $1 $14 41. Ke4 Bb3 $1 42. Rd8 a4 (42... g5 $1 $11) 43. Kf4 Rc4+ 44. Kg3 {[%emt 0:00:32] Weiß steht aktiver.} Rc5 45. f4 (45. Raa8 $16) 45... Rc3+ $11 46. Kg2 {[%emt 0:00:46] Und jetzt g5 wäre schön.} Rc2+ 47. Kf3 Rc3+ 48. Ke2 {[%emt 0:01:07] Droht stark g5.} Rc2+ 49. Ke3 {[%emt 0:01:34] Und g5 würde nun gewinnen.} Rc3+ 50. Kd2 Rc4 51. Ke3 {[%emt 0:04:12] g5 wäre nun fies.} Rc3+ 52. Rd3 Rxd3+ 53. Kxd3 {[%emt 0:00:07] KR-KB} Bd1 ({Vorzuziehen ist} 53... g5 $1 $14) 54. Ke4 (54. g5 $16) 54... Bxg4 $14 55. Rxa4 h5 56. Ra5 Kf6 57. Ra6+ Kg7 58. Ke5 Bh3 59. Rf6 Bg4 60. Rd6 Bh3 61. Rd5 Bg4 62. Rd3 (62. Ra5 $16) 62... Bf5 (62... f6+ $11 63. Kd4 g5) 63. Rd6 Bh3 64. Kd5 Kf8 65. Kc6 Ke7 66. Kc7 Be6 67. Ra6 Bg4 68. Ra5 Bh3 69. Re5+ Be6 70. Kc6 Kf6 71. Kd6 Bg4 72. Kc7 Be6 73. Kd8 Bg4 74. Ke8 Bf5 75. Kd8 (75. Ra5 $14) 75... Be6 (75... Bg4 $11) 76. Kc7 ({Besser ist} 76. Rb5 $14) 76... Bg4 77. Kc6 Bf5 78. Kd5 Bh3 79. Ke4 Bg2+ 80. Kd4 Bh3 81. Ra5 Be6 82. Ke4 Bg4 83. Ra6+ (83. Ra8 $14 {ist eher angebracht.}) 83... Kg7 $16 84. Ke5 Bh3 $1 85. Rc6 Bg4 86. Kd4 Kf8 87. Rd6 Bf5 88. Kd5 (88. Ke5 $16 {Zielt auf Kf6 ab.} Kg7 89. Rc6) 88... Bg4 (88... Bh3 $1 $11 {bleibt in der Remisbreite.}) 89. Rb6 Kg7 90. Kc5 Bf5 91. Kb5 (91. Kd4 $16) 91... Bg4 {[%emt 0:01:07] [#]} (91... Be6 $1 $11 {hält das Gleichgewicht.}) 92. Rd6 (92. Kc4 $1 $16) 92... Kf8 (92... Be6 $1 $11) 93. Kc5 Ke7 94. Kd5 (94. Rb6 $16) 94... Be6+ {[%emt 0:00:08] Schwarz hat sich erfolgreich gewehrt.   Gewichteter Fehlerwert: Weiß=0.15 (sehr präzise) /Schwarz=0.17 (sehr präzise) .  Verlustzug:     	---       	Schwarz=1     Fehler:       	Weiß=11    	Schwarz=9     Ungenau:       	Weiß=5     	Schwarz=5     OK:         	Weiß=27    	Schwarz=30    Bester:       	Weiß=5     	Schwarz=7     Stark:        	Weiß=1     	Schwarz=3} 1/2-1/2